 Dungeon Crawl Stone Soup version 0.31-a0-232-gb1c03b2570 (webtiles) character file.

Game seed: 9514831478003406287

909 qw the Skirmisher (level 7, -3/59 HPs)
             Began as a Minotaur Hexslinger on July 7, 2023.
             Was a Believer of Okawaru.
             Slain by a gnoll
             ... wielding a +0 club
              (8 damage)
             ... on level 4 of the Dungeon.
             The game lasted 00:01:20 (2801 turns).

qw the Skirmisher (Minotaur Hexslinger)             Turns: 2801, Time: 00:01:20

Health: -3/59      AC:  9    Str: 13    XL:     7   Next: 81%
Magic:  5/7        EV: 13    Int: 10    God:    Okawaru [**....]
Gold:   217        SH:  0    Dex: 14    Spells: 7/8 levels left

rFire   . . .        Y - +2 sling
rCold   . . .        (no shield)
rNeg    . . .        b - +0 ring mail
rPois   .            l - +1 hat
rElec   .            e - +0 cloak
rCorr   .            (no gloves)
SInv    .            d - +0 pair of boots
Will    .....        (no amulet)
Stlth   ++           (no ring)
HPRegen 0.29/turn    (no ring)
MPRegen 0.10/turn

%: no passive effects
@: heroic
A: horns 2, retaliatory headbutt
a: Renounce Religion, Heroism


You were on level 4 of the Dungeon.
You worshipped Okawaru.
Okawaru was pleased with you.
You visited 1 branch of the dungeon, and saw 4 of its levels.

You collected 217 gold pieces.


Innate Abilities, Weirdness & Mutations

You have a pair of horns on your head.
You reflexively headbutt those who attack you in melee.


   Skills:
 - Level 4.1(9.1) Fighting
 - Level 9.2(14.2) Ranged Weapons
 + Level 1.0(6.0) Armour
 - Level 2.1(7.1) Dodging
 - Level 1.0 Spellcasting
 - Level 2.0 Hexes
 + Level 0.0 Invocations


You had 7 spell levels left.
You knew the following spells:

 Your Spells              Type           Power      Damage    Failure   Level
a - Slow                  Hex            16%        N/A       30%         1

Your spell library contained the following spells:

 Spells                   Type           Power      Damage    Failure   Level
 Inner Flame              Hex/Fire       2%         N/A       80%         3
 Portal Projectile        Hex/Tloc       4%         N/A       80%         3
 Cause Fear               Hex            2%         N/A       96%         4

Inventory:

Hand Weapons
 Y - a +2 sling (weapon)
Armour
 b - a +0 ring mail (worn)
 d - a +0 pair of boots (worn)
 e - a +0 cloak (worn)
 l - a +1 hat (worn)
Jewellery
 a - a ring of ice
 i - a ring of wizardry
 p - a ring of fire
Scrolls
 m - a scroll of identify
Potions
 c - a potion of brilliance {unknown}
 f - a potion of invisibility {unknown}
 g - a potion of mutation {unknown}
 h - a potion of curing {unknown}
 j - a potion of ambrosia {unknown}
 k - a potion of magic {unknown}
 n - a potion of haste {unknown}
 o - a potion of attraction {unknown}

Dungeon Overview and Level Annotations

Branches:
Dungeon (4/15)
 Temple: D:4-7

Altars:
Okawaru
Sif Muna


Message History

The two-headed ogre hits you with a +0 giant spiked club!!
You shoot a sling bullet.
The sling bullet hits the two-headed ogre.
The two-headed ogre is heavily wounded.
The two-headed ogre closely misses you.
The two-headed ogre hits you with a +0 giant spiked club.
You shoot a sling bullet.
The sling bullet hits the two-headed ogre!
The two-headed ogre is heavily wounded.
The two-headed ogre hits you with a +0 giant spiked club!
The two-headed ogre barely misses you.
You shoot a sling bullet.
The sling bullet hits the two-headed ogre.
The two-headed ogre is heavily wounded.
The two-headed ogre closely misses you.
The two-headed ogre hits you with a +0 giant spiked club!
You shoot a sling bullet.
The sling bullet hits the two-headed ogre.
The two-headed ogre is severely wounded.
The two-headed ogre hits you with a +0 giant spiked club!
The two-headed ogre closely misses you.
You shoot a sling bullet.
The sling bullet hits the two-headed ogre.
The two-headed ogre is severely wounded.
You shoot a sling bullet.
The sling bullet hits the two-headed ogre!
The two-headed ogre is almost dead.
The two-headed ogre misses you. You furiously retaliate!
You headbutt the two-headed ogre. The two-headed ogre misses you.
You shoot a sling bullet.
The sling bullet hits the two-headed ogre.
You kill the two-headed ogre!
Okawaru is honoured by your kill.
You can now gain great but temporary skills.
Your Ranged Weapons skill gained 3 levels and is now at level 9!
You have reached level 7!
2801 ||| INVOKING Heroism.
You gain the combat prowess of a mighty hero.
The gnoll hits you with a +0 club!
You die...

#..%...............######
#..####.....####........###
#..#..##...## #........>.#
#..#...##.## #.....(....#
#..##...#.# ##...........
##/.##.)#.#+ ##............
####...###...###.......:.....
#..........8................#
#......###..@###............#
#.....## +#.#g.##...........#
#....## #.#...##..........#
#....# ##.##...#..#.....###
#.##....# ##...##.$#..#.....#..
........####.....####..#.......#
#.##...................#....<..#
##.##.....>.............#.....#..
...##...#####...#####.........###


You could see a gnoll.

Vanquished Creatures
  A two-headed ogre (D:4)
  An ogre (D:3)
  An orc priest (D:3)
  A jelly (D:4)
  Natasha (thrice) (D:4)
  An adder (D:4)
  2 dart slugs
  13 orcs
  12 ball pythons
  5 bats
  10 endoplasms
  A giant cockroach (D:4)
  5 goblins
  9 hobgoblins
  4 kobolds
  4 quokkas
  6 frilled lizards
  6 rats
85 creatures vanquished.

Notes
Turn   | Place    | Note
-------+----------+-------------------------------------------
     0 | D:1      | qw the Minotaur Hexslinger began the quest for the Orb.
     0 | D:1      | Reached XP level 1. HP: 16/16 MP: 1/1
     0 | D:1      | 0 ||| qw: Version: 0.3-a-46-gb1f654a
     0 | D:1      | 0 ||| qw: Game counter: 2537
     0 | D:1      | 0 ||| qw: Melee chars always use a shield: true
     0 | D:1      | 0 ||| qw: God list: Okawaru
     0 | D:1      | 0 ||| qw: Allow faded altars: false
     0 | D:1      | 0 ||| qw: Do Orc after clearing Dungeon:15 true
     0 | D:1      | 0 ||| qw: Do second Lair branch before Depths: true
     0 | D:1      | 0 ||| qw: Lair rune preference: random
     0 | D:1      | 0 ||| qw: Goals: Normal
     0 | D:1      | 0 ||| PLANNING D:1-11
   172 | D:1      | Reached skill level 3 in Ranged Weapons
   172 | D:1      | Reached XP level 2. HP: 23/23 MP: 2/2
   312 | D:1      | Found a faded altar of an unknown god.
   413 | D:1      | 413 ||| UPGRADING to +0 cloak.
   418 | D:1      | 418 ||| READING scroll labelled ONEANL TUWURYU.
   419 | D:1      | 419 ||| DRINKING 2 smoky puce potions.
   524 | D:1      | 524 ||| DROPPING scroll of poison.
   525 | D:1      | 525 ||| DROPPING potion of berserk rage.
   635 | D:2      | 635 ||| UPGRADING to +0 ring mail.
   645 | D:2      | 645 ||| DROPPING +0 robe.
   646 | D:2      | 646 ||| UPGRADING to +0 pair of boots.
   658 | D:2      | 658 ||| STAIRDANCE
   665 | D:2      | 665 ||| STAIRDANCE
   666 | D:2      | Reached XP level 3. HP: 22/29 MP: 3/3
   712 | D:2      | 712 ||| Stepping ~*~*~tactically~*~*~ (water).
   779 | D:2      | Reached skill level 1 in Armour
   801 | D:2      | 801 ||| Stepping ~*~*~tactically~*~*~ (water).
  1173 | D:2      | 1173 ||| UPGRADING to +1 hat.
  1178 | D:2      | 1178 ||| READING scroll labelled SAD TUEHIRPHO.
  1179 | D:2      | 1179 ||| READING scroll labelled WOSUASU FESCHI.
  1280 | D:3      | 1280 ||| READING scroll labelled UNAUR POCRUSARCH.
  1300 | D:3      | Reached skill level 4 in Ranged Weapons
  1356 | D:3      | Found an iron altar of Okawaru.
  1357 | D:3      | 1357 ||| PLANNING OKAWARU WORSHIP
  1359 | D:3      | 1359 ||| FLEEEEING.
  1360 | D:3      | 1360 ||| FLEEEEING.
  1361 | D:3      | 1361 ||| FLEEEEING.
  1362 | D:3      | 1362 ||| FLEEEEING.
  1375 | D:3      | 1375 ||| FLEEEEING.
  1376 | D:3      | 1376 ||| FLEEEEING.
  1377 | D:3      | 1377 ||| FLEEEEING.
  1378 | D:3      | 1378 ||| FLEEEEING.
  1379 | D:3      | 1379 ||| FLEEEEING.
  1380 | D:3      | 1380 ||| FLEEEEING.
  1381 | D:3      | 1381 ||| FLEEEEING.
  1382 | D:3      | 1382 ||| FLEEEEING.
  1383 | D:3      | 1383 ||| FLEEEEING.
  1384 | D:3      | 1384 ||| FLEEEEING.
  1385 | D:3      | 1385 ||| FLEEEEING.
  1386 | D:3      | 1386 ||| FLEEEEING.
  1387 | D:3      | 1387 ||| FLEEEEING.
  1388 | D:3      | 1388 ||| FLEEEEING.
  1389 | D:3      | 1389 ||| FLEEEEING.
  1390 | D:3      | 1390 ||| FLEEEEING.
  1391 | D:3      | 1391 ||| FLEEEEING.
  1392 | D:3      | 1392 ||| FLEEEEING.
  1393 | D:3      | 1393 ||| FLEEEEING.
  1394 | D:3      | 1394 ||| FLEEEEING.
  1395 | D:3      | 1395 ||| FLEEEEING.
  1396 | D:3      | 1396 ||| FLEEEEING.
  1397 | D:3      | 1397 ||| FLEEEEING.
  1398 | D:3      | 1398 ||| FLEEEEING.
  1399 | D:3      | 1399 ||| FLEEEEING.
  1400 | D:3      | 1400 ||| FLEEEEING.
  1401 | D:3      | 1401 ||| FLEEEEING.
  1402 | D:3      | 1402 ||| FLEEEEING.
  1403 | D:3      | 1403 ||| FLEEEEING.
  1404 | D:3      | 1404 ||| FLEEEEING.
  1405 | D:3      | 1405 ||| FLEEEEING.
  1406 | D:3      | 1406 ||| FLEEEEING.
  1407 | D:3      | 1407 ||| FLEEEEING.
  1408 | D:3      | 1408 ||| FLEEEEING.
  1409 | D:3      | 1409 ||| FLEEEEING.
  1410 | D:3      | 1410 ||| FLEEEEING.
  1411 | D:3      | 1411 ||| FLEEEEING.
  1412 | D:3      | 1412 ||| FLEEEEING.
  1413 | D:3      | 1413 ||| FLEEEEING.
  1414 | D:3      | 1414 ||| FLEEEEING.
  1420 | D:3      | 1420 ||| FLEEEEING.
  1421 | D:3      | 1421 ||| FLEEEEING.
  1422 | D:3      | 1422 ||| FLEEEEING.
  1423 | D:3      | 1423 ||| FLEEEEING.
  1424 | D:3      | 1424 ||| FLEEEEING.
  1425 | D:3      | 1425 ||| FLEEEEING.
  1426 | D:3      | 1426 ||| FLEEEEING.
  1427 | D:3      | 1427 ||| FLEEEEING.
  1428 | D:3      | 1428 ||| FLEEEEING.
  1436 | D:3      | 1436 ||| FLEEEEING.
  1437 | D:3      | 1437 ||| FLEEEEING.
  1438 | D:3      | 1438 ||| FLEEEEING.
  1439 | D:3      | 1439 ||| FLEEEEING.
  1440 | D:3      | 1440 ||| FLEEEEING.
  1448 | D:3      | Reached XP level 4. HP: 23/36 MP: 4/4
  1602 | D:3      | Became a worshipper of Warmaster Okawaru
  1603 | D:3      | 1603 ||| PLANNING D:1-11
  1786 | D:3      | Found a shimmering blue altar of Sif Muna.
  2042 | D:3      | Reached skill level 5 in Ranged Weapons
  2190 | D:3      | 2190 ||| READING scroll labelled TOZUIMNOFIBB.
  2191 | D:3      | 2191 ||| READING scroll labelled IKKETHRANES.
  2195 | D:3      | 2195 ||| DRINKING 2 grey potions.
  2196 | D:3      | 2196 ||| DROPPING potion of degeneration.
  2210 | D:4      | Noticed an ogre
  2214 | D:4      | 2214 ||| STAIRDANCE
  2218 | D:3      | Killed an ogre
  2219 | D:3      | Reached XP level 5. HP: 16/46 MP: 5/5
  2540 | D:4      | Noticed Natasha
  2545 | D:4      | Killed Natasha
  2546 | D:4      | Reached XP level 6. HP: 42/52 MP: 6/6
  2602 | D:4      | Noticed Natasha
  2605 | D:4      | Killed Natasha
  2605 | D:4      | Reached * piety under Okawaru
  2606 | D:4      | Reached skill level 6 in Ranged Weapons
  2611 | D:4      | Noticed Natasha
  2612 | D:4      | 2612 ||| INVOKING Heroism.
  2620 | D:4      | Killed Natasha
  2785 | D:4      | Noticed a two-headed ogre
  2796 | D:4      | HP: 10/52 [two-headed ogre/+0 giant spiked club (8)]
  2797 | D:4      | HP: 3/52 [two-headed ogre/+0 giant spiked club (8)]
  2800 | D:4      | Killed a two-headed ogre
  2800 | D:4      | Reached ** piety under Okawaru
  2801 | D:4      | Reached skill level 9 in Ranged Weapons
  2801 | D:4      | Reached XP level 7. HP: 4/59 MP: 7/7
  2801 | D:4      | 2801 ||| INVOKING Heroism.
  2801 | D:4      | Slain by a gnoll

Levels and vault maps discovered:
D:1:      minmay_arrival_up_and_down, layout_rooms,
          shapermc_ecumenical_altar_pompeii
D:2:      layout_rooms, serial_rivers, chequers_serial_rivers_micro_c,
          chequers_serial_rivers_room_a, chequers_serial_rivers_large_b,
          chequers_serial_rivers_small_3, chequers_serial_rivers_micro_d,
          hangedman_abyss_or_decor_stabs, lemuel_flame_loot_1
D:3:      layout_basic, nicolae_overflow_crystal_walls, okawaru_trees_2,
          serial_glass, glass_columns_b, glass_columns_b
D:4:      cheibrodos_barr_body, layout_rooms, uniq_natasha

Skill      XL: |  1  2  3  4  5  6 |
---------------+-------------------+-----
Ranged Weapons | 3 4 5 9 |  9.2
Fighting       | 2 4 |  4.1
Armour         | 1 |  1.0
Dodging        | |  2.1
Spellcasting   | |  1.0
Hexes          | |  2.0

Action                     |  1- 3 |  4- 6 |  7- 9 || total
---------------------------+-------+-------+-------++-------
   Fire: Sling             |   123 |   129 |       ||   252
 Invoke: Heroism           |       |     1 |     1 ||     2
    Use: Scroll            |     4 |     2 |       ||     6
         Potion            |     1 |     1 |       ||     2
 Armour: Robe              |     5 |       |       ||     5
         Ring mail         |     7 |    18 |       ||    25
  Dodge: Dodged            |    30 |    44 |       ||    74

Table legend:
 A = Non-vault XP
 B = Vault XP
 C = Vault XP percentage of total XP
 D = Non-vault monster count
 E = Vault monster count
 F = Vault count percentage of total count
                 A         B        C        D         E       F
            +---------+---------+-------+---------+---------+-------
      Total |     430 |     869 |  66.9 |      78 |       7 |   8.2
            +---------+---------+-------+---------+---------+-------
        D:1 |      35 |       0 |   0.0 |      21 |       0 |   0.0
        D:2 |      31 |       0 |   0.0 |      18 |       0 |   0.0
        D:3 |     205 |       0 |   0.0 |      22 |       0 |   0.0
        D:4 |     159 |     869 |  84.5 |      17 |       7 |  29.2
            +---------+---------+-------+---------+---------+-------
